cohdb
Replays
Latest Replays
All Replays
Popular Replays
Top Player Replays
Match Explorer
How It Works
Community
CoH3 Stats
Reddit
Sign in to upload your games and track your stats! →
Sign in with Steam
Match 44098590
Unlisted
Match 44098590
Overview
Messages
Build Orders
End
Pioneer Squad
Construct Infanterie Kompanie
Kettenkrad Recon Vehicle
Selects Mechanized Battlegroup
MG 42 Machine Gun Team
Grenadier Squad
GrW 34 Mortar Team
GrW 34 Mortar Team
Medical Station
Construct Panzergrenadier Kompanie
Selects Raid Package
Panzergrenadier Squad
Support Elements
MG 42 Machine Gun Team
Nebelwerfer 42 Rocket Launcher Team
Selects StuG Assault Group
Nebelwerfer 42 Rocket Launcher Team
StuG Assault Group
Pak 40 Anti-tank Gun Team
RaRBoszZ
Adam Kadmon
MN97
Vanghoul
apicton
kingweef
gUi
Guibean
0
0
Comments
sign in to comment!
No comments posted yet!